 Dungeon Sprint DCSS version 0.31-a0-204-g7da18cac08 (webtiles) character file.

Game seed: 11165596201810131976

301 rocky1 the Covert (level 6, -2/33 HPs)
             Began as a Vine Stalker Brigand on June 28, 2023.
             Was a High Priest of Dithmenos.
             Killed from afar by a manticore (15 damage)
             ... with a volley of spikes
             ... in the Dungeon (Sprint VII: "The Pits").
             The game lasted 00:03:52 (590 turns).

rocky1 the Covert (Vine Stalker Brigand)             Turns: 590, Time: 00:03:53

Health: -2/33      AC:  3    Str: 13    XL:     6   Next: 37%
Magic:  0/9        EV: 12    Int: 11    God:    Dithmenos [*****.]
Gold:   0          SH:  0    Dex: 18    Spells: 5/5 levels left

rFire   . . .        n - +2 dagger (elec)
rCold   . . .        (no shield)
rNeg    . . .        b - +0 robe
rPois   .            (no helmet)
rElec   .            c - +0 cloak
rCorr   .            (no gloves)
SInv    .            (no boots)
Will    .....        (no amulet)
Stlth   ++++++++++   (no ring)
HPRegen 1.05/turn    (no ring)
MPRegen 0.11/turn

%: no teleportation, guardian spirit
@: spiked, wreathed by umbra, invisible
A: fangs 2, regeneration 1, magic shield, antimagic bite, no potion heal 2
a: Renounce Religion, Shadow Step, Shadow Form


You were in the Dungeon.
You worshipped Dithmenos.
Dithmenos was extremely pleased with you.
You visited 1 branch

Inventory:

Hand Weapons
 a - a +2 dagger
 n - a +2 dagger of electrocution (weapon)
Missiles
 d - 9 poisoned darts (quivered)
 e - 3 curare-tipped darts
Armour
 b - a +0 robe (worn)
 c - a +0 cloak (worn)
Scrolls
 j - a scroll of blinking
 l - 5 scrolls of amnesia
 m - a scroll of butterflies
Potions
 f - 6 potions of curing
 g - a potion of haste
 h - 4 potions of magic
 i - 3 potions of berserk rage


   Skills:
 * Level 4.0 Fighting
 + Level 3.6 Short Blades
 - Level 2.1 Throwing
 + Level 2.0 Dodging
 * Level 14.5 Stealth
 * Level 3.5 Invocations


You had 5 spell levels left.
You didn't know any spells.
Your spell library was empty.

Dungeon Overview and Level Annotations

Branches:
Dungeon (1/1)

Altars:
Ashenzari
Cheibriados
Dithmenos
Elyvilon
Fedhas
Gozag
Hepliaklqana
Kikubaaqudgha
Makhleb
Nemelex Xobeh
Okawaru
Qazlal
Ru
Sif Muna
Trog
Uskayaw
Vehumet
Wu Jian
Xom
Yredelemnul
Zin
The Shining One
Jiyva
Lugonu


Innate Abilities, Weirdness & Mutations

You have extremely sharp teeth.
Your natural rate of healing is unusually fast.
When hurt, damage is shared between your health and your magic reserves.
Your bite disrupts and absorbs the magic of your enemies.
Potions cannot restore your health.


Message History

The helpless jackal fails to defend itself.
You stick the jackal like a pincushion!!!!
Lightning courses through the jackal!
You kill the jackal!
Dithmenos accepts your kill.
The helpless jackal fails to defend itself.
You spit the jackal like a pig!!!! Lightning courses through the jackal!
You kill the jackal!
Dithmenos accepts your kill.
The helpless jackal fails to defend itself.
You spit the jackal like a pig!!!!
You kill the jackal!
Dithmenos accepts your kill.
The merfolk siren shouts!
The jackal barks!
The jackal bites you.
Unknown command.
The manticore attacks as you move away! The manticore closely misses you.
The manticore claws you!
The manticore claws you but does no damage.
The jackal attacks as you move away! The jackal bites you.
There is an open door here.
The jackal attacks as you move away! The jackal closely misses you.
You see here a redback corpse.
Unknown command.
The jackal misses you.
There is an open door here.
Okay, then.
You close the door.
You start resting.
The manticore flicks its tail.
The volley of spikes hits you!!
The barbed spikes become lodged in your body.
You emit a cloud of dark smoke.
Unknown command.
Okay, then.
You fade into invisibility!
The manticore flicks its tail.
The volley of spikes hits you!!
The barbed spikes become lodged in your body.
You die...

#.#..'..÷#)##.......#
#.#..'...'.##.......#
#.#.)########...<...#
#.#..'!.))[##.......#
#.#..#.)))[##.......#
#'###########.......#
#.......#§.##########
#..#†#..#§######
#.##.##.#@#....#
#.......#§#....#
#.##.##.#Hmh...+
#..#.#..#'#....#
#.......'.#....#
################


You could see a manticore (unable to see you) and a merfolk siren (unable to see
you).

Vanquished Creatures
  A redback (D)
  A crimson imp (D)
  2 iron imps (D)
  An orc wizard (D)
  2 gnolls (D)
  A river rat (D)
  4 orcs (D)
  2 endoplasms (D)
  3 giant cockroaches (D)
  2 goblins (D)
  A hobgoblin (D)
  5 jackals (D)
  A ball python (D)
  2 rats (D)
28 creatures vanquished.

Notes
Turn   | Place    | Note
-------+----------+-------------------------------------------
     0 | D        | rocky1 the Vine Stalker Brigand began the quest for the
                  | Orb.
     0 | D        | Reached XP level 1. HP: 11/11 MP: 2/2
    15 | D        | Reached skill level 5 in Stealth
    18 | D        | Found a bloodstained altar of Trog.
    18 | D        | Found a shimmering blue altar of Sif Muna.
    18 | D        | Found a viscous altar of Jiyva.
    18 | D        | Found a hazy altar of Hepliaklqana.
    18 | D        | Found an opulent altar of Gozag.
    39 | D        | Found a glowing golden altar of the Shining One.
    39 | D        | Found a glowing silver altar of Zin.
    39 | D        | Found a basalt altar of Yredelemnul.
    39 | D        | Found a shimmering altar of Xom.
    39 | D        | Found an ornate altar of the Wu Jian Council.
    39 | D        | Found a sacrificial altar of Ru.
    39 | D        | Found a stormy altar of Qazlal.
    39 | D        | Found an iron altar of Okawaru.
    39 | D        | Found a sparkling altar of Nemelex Xobeh.
    39 | D        | Found a burning altar of Makhleb.
    39 | D        | Found a blossoming altar of Fedhas.
    39 | D        | Found a white marble altar of Elyvilon.
    39 | D        | Found a shadowy altar of Dithmenos.
    39 | D        | Found a snail-covered altar of Cheibriados.
    42 | D        | Found a corrupted altar of Lugonu.
    42 | D        | Found a radiant altar of Vehumet.
    43 | D        | Found an ancient bone altar of Kikubaaqudgha.
    43 | D        | Found a hide-covered altar of Uskayaw.
    43 | D        | Found a broken altar of Ashenzari.
    49 | D        | Became a worshipper of Dithmenos the Shadowed
    65 | D        | Reached skill level 6 in Stealth
    78 | D        | Reached * piety under Dithmenos
   227 | D        | Noticed an orc wizard
   229 | D        | Reached skill level 7 in Stealth
   229 | D        | Reached XP level 2. HP: 15/15 MP: 3/3
   241 | D        | Reached ** piety under Dithmenos
   244 | D        | Reached skill level 8 in Stealth
   248 | D        | Reached skill level 1 in Dodging
   248 | D        | Reached skill level 9 in Stealth
   248 | D        | Reached XP level 3. HP: 7/18 MP: 2/4
   252 | D        | Reached *** piety under Dithmenos
   323 | D        | Reached skill level 10 in Stealth
   324 | D        | Reached **** piety under Dithmenos
   325 | D        | Gained mutation: Your natural rate of healing is unusually
                  | fast. [Vine Stalker growth]
   325 | D        | Reached XP level 4. HP: 16/23 MP: 5/5
   352 | D        | Reached skill level 11 in Stealth
   352 | D        | Reached skill level 1 in Invocations
   545 | D        | Reached ***** piety under Dithmenos
   547 | D        | Noticed a redback
   549 | D        | Killed a redback
   550 | D        | Reached skill level 13 in Stealth
   550 | D        | Reached XP level 5. HP: 28/28 MP: 6/8
   550 | D        | Reached XP level 6. HP: 32/32 MP: 6/9
   558 | D        | Reached skill level 14 in Stealth
   578 | D        | Noticed a merfolk siren
   578 | D        | Noticed a manticore
   590 | D        | Killed from afar by a manticore

Illustrated notes

Levels and vault maps discovered:
D:        pitsprint [storerooms_1, entrance_room_1, metal_vault_4, armoury_2,
          mini_pit_1, grid_room_1, main_hall_1, silver_pit, the_coven_2,
          the_vestibule_1, steel_vault_3, golden_pit, hallway_of_sentries,
          crystal_vault_4, iron_vault_3, final_vault]

Skill      XL: |  1  2  3  4  5  6 |
---------------+-------------------+-----
Stealth        | 7 9 10 13 14 | 14.5
Fighting       | 2 3 4 |  4.0
Short Blades   | 2 3 |  3.6
Throwing       | 2 |  2.1
Dodging        | 1 2 |  2.0
Invocations    | 3 |  3.5

Action                     |  1- 3 |  4- 6 || total
---------------------------+-------+-------++-------
  Melee: Dagger            |    34 |    35 ||    69
         Bite              |     7 |    10 ||    17
         Punch             |       |     1 ||     1
    Use: Potion            |     1 |     1 ||     2
   Stab: Sleeping          |     4 |     8 ||    12
         Invisible         |     3 |       ||     3
 Armour: Robe              |     3 |     2 ||     5
  Dodge: Dodged            |    12 |    24 ||    36

Table legend: (Time is in decaauts)
 A = Elapsed time spent in this place.
 B = Non-inter-level travel time spent in this place.
 C = Inter-level travel time spent in this place.
 D = Time resting spent in this place.
 E = Time spent auto-exploring this place.
 F = Levels seen in this place.
 G = Mean time per level.
                   A        B        C        D        E       F      G
               +--------+--------+--------+--------+--------+-----+--------+
         Total |    581 |    563 |     18 |    337 |      0 |   1 |  581.0 |
       Dungeon |    581 |    563 |     18 |    337 |      0 |   1 |  581.0 |
               +--------+--------+--------+--------+--------+-----+--------+

Top non-repeatable levels by time:
       D: 581 daAuts
